 Dungeon Crawl Stone Soup version 0.32-a0-132-g2d33c3cfaf (webtiles) character file.

Game seed: 2319330563249171748

7025 nfkdngbenrn the Fighter (level 10, -4/91 (92) HPs)
             Began as a Minotaur Fighter on Feb 9, 2024.
             Was a Follower of Okawaru.
             Incinerated by a deep elf pyromancer (13 damage)
             ... with a pyre arrow
             ... on level 9 of the Dungeon.
             The game lasted 00:17:40 (8147 turns).

nfkdngbenrn the Fighter (Minotaur Fighter)          Turns: 8147, Time: 00:17:46

HP:   -4/91 (92)    AC: 18    Str: 28    XL:     10   Next: 82%
MP:   10/10         EV: 11    Int:  4    God:    Okawaru [*.....]
Gold: 519           SH:  7    Dex:  8    Spells: 9/9 levels left

rFire   . . .        a - +0 war axe
rCold   + . .        c - +1 buckler
rNeg    . . .        r - +0 chain mail
rPois   .            (helmet restricted)
rElec   .            D - +0 cloak
rCorr   .            v - +0 pair of gloves
SInv    .            u - +1 pair of boots
Will    .....        (no amulet) Stlth
                     i - ring of protection from cold
HPRegen 0.35/turn    (no ring)
MPRegen 0.12/turn

%: no passive effects
@: mighty, on fire, glowing, lightly drained
A: horns 2, retaliatory headbutt, iridescent scales 1, clumsy 1, high MP 1,
sense surroundings 1, strong 1
a: Renounce Religion, Heroism


You were on level 9 of the Dungeon.
You worshipped Okawaru.
Okawaru was aware of your devotion.
You visited 2 branches of the dungeon, and saw 10 of its levels.
You also visited: Ossuary.

You collected 519 gold pieces.

Inventory:

Hand Weapons
 a - a +0 war axe (weapon)
 n - the +11 sling of Liomuif {flame, rC+}
   (You found it on level 3 of the Dungeon)

   rC+:       It protects you from cold.
 C - a +2 hand axe of flaming
 E - a +0 broad axe
Armour
 c - a +1 buckler (worn)
 r - a +0 chain mail (worn)
 u - a +1 pair of boots (worn)
 v - a +0 pair of gloves (worn)
 D - a +0 cloak (worn)
Jewellery
 h - a ring of fire
 i - a ring of protection from cold (left hand)
Wands
 o - a wand of roots (20)
 w - a wand of flame (29)
 A - a wand of light (5)
 F - a wand of polymorph (4)
Scrolls
 b - a scroll of revelation
 g - a scroll of silence
 j - 2 scrolls of immolation
 l - 6 scrolls of identify
 p - 6 scrolls of fog
 B - 2 scrolls of teleportation
Potions
 d - 3 potions of might
 e - 5 potions of attraction
 k - 3 potions of cancellation
 m - a potion of experience {unknown}
 q - 2 potions of mutation
 s - a potion of magic {unknown}
 t - 4 potions of curing
 x - a potion of enlightenment {unknown}
 z - a potion of lignification {unknown}


   Skills:
 + Level 9.7 Fighting
 + Level 9.3 Axes
 + Level 9.7 Armour
 + Level 8.1 Dodging
 + Level 9.7 Shields


You had 9 spell levels left.
You didn't know any spells.
Your spell library contained the following spells:

 Spells                   Type           Power      Damage    Failure   Level
 Apportation              Tloc           0%         N/A       93%         1
 Necrotise                Necr           0%         1d4       93%         1
 Sting                    Conj/Alch      0%         1d3       93%         1
 Sublimation of Blood     Necr           0%         N/A       98%         2
 Frozen Ramparts          Ice            0%         1d1       100%        3
 Sigil of Binding         Hex            0%         N/A       100%        3
 Dimensional Bullseye     Hex/Tloc       0%         N/A       100%        4
 Leda's Liquefaction      Alch/Erth      0%         N/A       100%        4
 Petrify                  Alch/Erth      0%         N/A       100%        4
 Irradiate                Conj/Alch      0%         3d11      100%        5
 Metabolic Englaciation   Hex/Ice        0%         N/A       100%        5
 Summon Small Mammal      Summ           Unusable   N/A       N/A         1
 Call Canine Familiar     Summ           Unusable   N/A       N/A         3

Dungeon Overview and Level Annotations

Branches:
Dungeon (9/15)             Temple (1/1) D:7            Lair (0/5) D:8
Ossuary (visited)
    Orc: D:9-12

Altars:
Ashenzari
Cheibriados
Dithmenos
Elyvilon
Fedhas
Gozag
Hepliaklqana
Kikubaaqudgha
Makhleb
Nemelex Xobeh
Okawaru
Qazlal
Ru
Sif Muna
Uskayaw
Vehumet
Wu Jian
Yredelemnul
Zin

Shops:
D:8 :[(


Innate Abilities, Weirdness & Mutations

You have a pair of horns on your head.
You reflexively headbutt those who attack you in melee.
You are partially covered in iridescent scales. (AC +2)
You are clumsy. (Dex -2)
You have an increased reservoir of magic. (+10% MP)
You passively map a small area around you.
Your muscles are strong. (Str +4, Int/Dex -1)


Message History

You feel much better. The liquid fire burns you!
The deep elf pyromancer casts a spell at you.
The pyre arrow hits you.
You are even more covered in intense liquid fire!
The boulder beetle bites you but does no damage.
Unknown command.
You hit the boulder beetle.
The boulder beetle is moderately wounded.
The liquid fire burns you!
The deep elf pyromancer points at you and mumbles some strange words.
The pyre arrow hits you.
You are even more covered in intense liquid fire!
The boulder beetle bites you.
You hit the boulder beetle but do no damage.
The boulder beetle is moderately wounded.
The liquid fire burns you!
The manticore flicks its tail.
The volley of spikes skewers the centaur warrior!
Unknown command.
You close the door.
The liquid fire burns you!
The boulder beetle is no longer blind.
The boulder beetle bites you!
* * * LOW HITPOINT WARNING * * *
A tengu warrior comes into view.
It is wielding a +1 war axe of flaming and wearing the ring of Sloth {MP+9 Str-2 Int+7}.
You feel better. The liquid fire burns you!
* * * LOW HITPOINT WARNING * * *
The boulder beetle bites you.
* * * LOW HITPOINT WARNING * * *
A deep elf pyromancer opens the door.
Unknown command.
Unknown command.
As you read the scroll of fear, it crumbles to dust.
You assume a fearsome visage.
The tengu warrior looks frightened!
The centaur warrior looks frightened!
The deep elf pyromancer looks frightened!
The manticore looks frightened!
The boulder beetle looks frightened!
The liquid fire burns you!
You die...

....#.###.#.#.#.##....####..#..#)
##..#.#..#.#.#)#.#.##...####'....
#....###.#.#.#.##.##.#...###..##
####.# ####.#.#.#......#...'.#..
#.# * ##.#.##.##.#...###.#.. *
#.#, * ####.#.##...###,..### ..#
, *##'....###, .... # * #.#,
,#Q####e.###, , ..##.# ..#
**#HcB@'###, .., .# * #.#
#.#####,, ..., # ,, * * * * ,,* *
, ,* *, * ,,,, , * , ,, , , * ,
'* * , , *


You could see a boulder beetle (fleeing), a tengu warrior (fleeing), a centaur
warrior (fleeing, skewered), a manticore (blind, unable to see you, fleeing) and
a deep elf pyromancer (fleeing).

Vanquished Creatures
  A hornet (D:9)
  13 yaks
  A wyvern (D:7)
  Sigmund (D:6)
  Edmund (D:4)
  An acid dragon (D:9)
  4 water moccasins
  3 orc warriors
  2 ice beasts
  2 black bears
  2 sky beasts
  2 ogres
  2 phantoms
  3 kobold brigands
  A gnoll sergeant (D:9)
  7 bullfrogs
  3 scorpions
  3 elf skeletons (D:6)
  5 wights
  3 killer bees (D:9)
  A howler monkey (D:5)
  3 bombardier beetles
  A hound (D:4)
  A human zombie (D:6)
  An orc priest (D:8)
  3 spectral scorpions (Ossuary)
  Ijyb (D:3)
  A centaur skeleton (Ossuary)
  A gnoll bouda (D:5)
  6 orc wizards
  2 sleepcaps (D:6)
  Natasha (thrice) (D:3)
  4 iguanas
  A human skeleton (D:6)
  A crocodile zombie (Ossuary)
  7 mummies (Ossuary)
  4 gnolls (D:5)
  9 adders
  A shadow imp (D:6)
  4 ufetubi
  6 dart slugs
  26 orcs
  5 endoplasms
  5 giant cockroaches
  9 goblins
  8 hobgoblins
  2 jackals (D:1)
  10 kobolds
  5 quokkas
  5 ball pythons
  6 bats
  7 frilled lizards
  5 gnoll skeletons (Ossuary)
  2 orc skeletons (Ossuary)
  An orc zombie (D:6)
  8 rats
  10 spectral rats (Ossuary)
235 creatures vanquished.

Vanquished Creatures (collateral kills)
  A water moccasin (D:8)
  An orc warrior (D:8)
  An orc wizard (D:8)
3 creatures vanquished.

Grand Total: 238 creatures vanquished

Notes
Turn   | Place    | Note
-------+----------+-------------------------------------------
     0 | D:1      | nfkdngbenrn the Minotaur Fighter began the quest for the
                  | Orb.
     0 | D:1      | Reached XP level 1. HP: 19/19 MP: 0/0
   279 | D:1      | Reached XP level 2. HP: 27/27 MP: 1/1
   452 | D:1      | Reached skill level 1 in Dodging
   598 | D:1      | Reached XP level 3. HP: 33/33 MP: 2/2
  1581 | D:3      | Identified the +11 sling of Liomuif {flame, rC+}
  1622 | D:3      | Noticed Ijyb
  1626 | D:3      | Killed Ijyb
  1627 | D:3      | Reached XP level 4. HP: 35/40 MP: 3/3
  2104 | D:3      | Noticed Natasha
  2106 | D:3      | Killed Natasha
  2107 | D:3      | Reached XP level 5. HP: 47/47 MP: 4/4
  2402 | D:3      | Noticed Natasha
  2410 | D:3      | Killed Natasha
  2439 | D:3      | Noticed Natasha
  2443 | D:3      | Killed Natasha
  2502 | D:4      | Noticed Edmund
  2512 | D:4      | Killed Edmund
  2513 | D:4      | Reached skill level 5 in Fighting
  2513 | D:4      | Reached skill level 5 in Armour
  2513 | D:4      | Reached skill level 5 in Shields
  2513 | D:4      | Reached XP level 6. HP: 18/56 MP: 5/5
  3189 | D:5      | Entered Level 5 of the Dungeon
  3204 | D:5      | Reached XP level 7. HP: 54/61 MP: 6/6
  3295 | D:5      | Found an ancient bone altar of Kikubaaqudgha.
  3301 | D:5      | Noticed a yak
  3310 | D:5      | Killed a yak
  3311 | D:5      | Reached skill level 5 in Axes
  3335 | D:5      | Found a hide-covered altar of Uskayaw.
  3447 | D:5      | Reached XP level 8. HP: 66/70 MP: 7/7
  4270 | D:6      | Reached skill level 5 in Dodging
  4371 | D:6      | Gained mutation: You are occasionally teleported next to
                  | monsters. [potion of mutation]
  4371 | D:6      | Gained mutation: You are often teleported next to monsters.
                  | [potion of mutation]
  4371 | D:6      | Gained mutation: You passively map a small area around you.
                  | [potion of mutation]
  4436 | D:6      | Reached XP level 9. HP: 36/79 MP: 8/8
  4478 | D:6      | Found a sand-covered staircase.
  4495 | Ossuary  | Entered an ossuary
  4727 | Ossuary  | Lost mutation: You are often teleported next to monsters.
                  | [potion of mutation]
  4727 | Ossuary  | Lost mutation: You are occasionally teleported next to
                  | monsters. [potion of mutation]
  4727 | Ossuary  | Gained mutation: You are partially covered in iridescent
                  | scales. (AC +2) [potion of mutation]
  4727 | Ossuary  | Gained mutation: You have an increased reservoir of magic.
                  | (+10% MP) [potion of mutation]
  4727 | Ossuary  | Gained mutation: You are clumsy. (Dex -2) [potion of
                  | mutation]
  4727 | Ossuary  | Gained mutation: Your muscles are strong. (Str +4, Int/Dex
                  | -1) [potion of mutation]
  5138 | D:6      | Noticed Sigmund
  5148 | D:6      | Killed Sigmund
  5532 | D:7      | Found a staircase to the Ecumenical Temple.
  5541 | Temple   | Entered the Ecumenical Temple
  5733 | D:7      | Found a radiant altar of Vehumet.
  5735 | D:7      | Found a hazy altar of Hepliaklqana.
  5992 | D:7      | Found a basalt altar of Yredelemnul.
  6419 | D:8      | Found Withrabu's Book Shop.
  6430 | D:8      | Found a staircase to the Lair.
  6460 | D:8      | Reached XP level 10. HP: 81/89 MP: 10/10
  6511 | D:8      | Found a shimmering blue altar of Sif Muna.
  6591 | D:8      | Found Wuwicsuvu's Weapon Shop.
  6616 | D:8      | Found Mociur Qehu's Armour Shoppe.
  6629 | D:8      | Found a white marble altar of Elyvilon.
  6874 | D:8      | Found an opulent altar of Gozag.
  6986 | D:9      | Paralysed by a hornet for 1 turns
  7576 | D:9      | Found an iron altar of Okawaru.
  7581 | D:9      | Became a worshipper of Warmaster Okawaru
  7711 | D:9      | Reached * piety under Okawaru
  8134 | D:9      | Noticed a deep elf pyromancer
  8135 | D:9      | Noticed a boulder beetle
  8136 | D:9      | Identified the ring "Woboles" {Fly rF+ Will- rCorr Str+2}
  8136 | D:9      | Noticed a centaur warrior
  8137 | D:9      | Noticed a manticore
  8146 | D:9      | Identified the ring of Sloth {MP+9 Str-2 Int+7}
  8146 | D:9      | Noticed a tengu warrior
  8147 | D:9      | Incinerated by a deep elf pyromancer

Illustrated notes

Levels and vault maps discovered:
D:1:      heliophobic_arrival_glass_houses, layout_loops_corners, minmay_unequal
D:2:      layout_basic, dreamdust_mushroom_princess,
          nicolae_twisty_statue_hallways
D:3:      layout_basic, minmay_misc_feat_roman, grunt_decor_clamped, uniq_ijyb,
          uniq_natasha
D:4:      layout_cave_pools, uniq_edmund
D:5:      layout_loops_ring, jmf_multi_god_temple2
D:6:      layout_rooms, gup_sewer_entry_glass, nicolae_ossuary_entry_catacombs,
          uniq_sigmund
D:7:      layout_loops_ring, mainiacjoe_overflow_boulevard,
          nicolae_overflow_squiral, temple_hall
D:8:      layout_rooms, mainiacjoe_overflow_small_starburst, old_standard_altar,
          nicolae_gozag_seed_capital, dpeg_oklobed_lair, serial_shops, shop,
          kennysheep_mini_moat, nicolae_shop_back_alley_shop
D:9:      minmay_the_grid_triangle_9x9_rhombus_thin
          [minmay_the_grid_triangle_9x9_checkered,
          minmay_the_grid_triangle_9x9_prize_special,
          minmay_the_grid_triangle_9x9_flanged_cone,
          minmay_the_grid_triangle_9x9_descending_squares], layout_stronghold,
          mainiacjoe_overflow_large_starburst, lemuel_crystal_altar,
          minmay_strange_pillars
Temple:   cyrus_temple_forest

Skill      XL: |  1  2  3  4  5  6  7  8  9 10 |
---------------+-------------------------------+-----
Dodging        | 1 2 3 4 5 6 8 |  8.1
Fighting       | 4 5 6 7 8 9 |  9.7
Shields        | 4 5 6 7 8 9 |  9.7
Armour         | 4 5 6 7 8 9 |  9.7
Axes           | 3 4 5 6 8 9 |  9.3

Action                     |  1- 3 |  4- 6 |  7- 9 | 10-12 || total
---------------------------+-------+-------+-------+-------++-------
  Melee: War axe           |    82 |   109 |   341 |   162 ||   694
         Headbutt          |    12 |    20 |    64 |    30 ||   126
   Fire: Sling             |     3 |       |       |       ||     3
  Evoke: Wand              |       |       |       |     2 ||     2
    Use: Scroll            |     9 |     5 |     5 |     1 ||    20
         Potion            |       |       |     5 |     3 ||     8
 Armour: Scale mail        |    55 |    20 |       |       ||    75
         Chain mail        |       |    66 |   261 |   117 ||   444
  Dodge: Dodged            |    40 |    39 |   113 |    72 ||   264
  Block: Buckler           |    20 |    35 |   106 |    38 ||   199

Table legend: (Time is in decaauts)
 A = Elapsed time spent in this place.
 B = Non-inter-level travel time spent in this place.
 C = Inter-level travel time spent in this place.
 D = Time resting spent in this place.
 E = Time spent auto-exploring this place.
 F = Levels seen in this place.
 G = Mean time per level.
                   A        B        C        D        E       F      G
               +--------+--------+--------+--------+--------+-----+--------+
         Total |   8308 |   7986 |    322 |     40 |   6105 |  11 |  755.3 |
       Dungeon |   7768 |   7446 |    322 |     40 |   5735 |   9 |  863.1 |
        Temple |      1 |      1 |      0 |      0 |      0 |   1 |    1.0 |
       Ossuary |    538 |    538 |      0 |      0 |    370 |   1 |  538.0 |
               +--------+--------+--------+--------+--------+-----+--------+

Top non-repeatable levels by time:
     D:9: 1190 daAuts
     D:5: 1089 daAuts
     D:1: 957 daAuts
     D:3: 909 daAuts
     D:7: 822 daAuts
     D:4: 766 daAuts
     D:6: 701 daAuts
     D:8: 695 daAuts
     D:2: 635 daAuts
 Ossuary: 538 daAuts
  Temple: 1 daAuts
